 Dungeon Crawl Stone Soup version 0.30-a0-140-gd1020e658a (webtiles) character file.

Game seed: 8284022431460703983

179 qw the Chopper (level 5, -2/32 HPs)
             Began as a Gargoyle Fighter on Sept 24, 2022.
             Slain by an ogre
             ... wielding a +0 giant spiked club
              (14 damage)
             ... on level 4 of the Dungeon.
             The game lasted 00:00:56 (2925 turns).

qw the Chopper (Gargoyle Fighter)                   Turns: 2925, Time: 00:00:56

Health: -2/32      AC: 15    Str: 21    XL:     5   Next: 59%
Magic:  5/5        EV:  7    Int:  9    God:
Gold:   133        SH:  5    Dex: 15    Spells: 4/4 levels left

rFire   . . .      SeeInvis .    Y - +1 war axe
rCold   . . .      Faith    .    c - +0 buckler
rNeg    + . .      Spirit   .    n - +0 chain mail
rPois   inf        Reflect  .    o - +0 helmet
rElec   +          Harm     .    (no cloak)
rCorr   .          Rampage  .    l - +0 pair of gloves
Will    .....                    (no boots)
Stlth   ..........               (no amulet)
HPRegen 0.10/turn                i - +4 ring of slaying {mikee}
MPRegen 0.09/turn                k - +6 ring of dexterity

@: no status effects
A: sickness immunity, AC +4, negative energy resistance 1, electricity
resistance, torment resistance 1, petrification resistance
a: no special abilities


You were on level 4 of the Dungeon.
You visited 1 branch of the dungeon, and saw 4 of its levels.

You collected 133 gold pieces.


Innate Abilities, Weirdness & Mutations

You are immune to sickness and miasma.
Your stone body is resilient. (AC +4)
You are immune to poison.
You resist negative energy. (rN+)
You are resistant to electric shocks. (rElec)
You are resistant to unholy torment.
You are immune to petrification.


   Skills:
 - Level 3.2 Fighting
 + Level 4.8 Axes
 - Level 3.2 Armour
 - Level 1.2 Dodging
 - Level 3.2 Shields


You had 4 spell levels left.
You didn't know any spells.
Your spell library was empty.

Inventory:

Hand Weapons
 j - a +0 club
 Y - a +1 war axe (weapon)
Armour
 c - a +0 buckler (worn)
 l - a +0 pair of gloves (worn)
 n - a +0 chain mail (worn)
 o - a +0 helmet (worn)
Jewellery
 i - a +4 ring of slaying (left hand) {mikee}
 k - a +6 ring of dexterity (right hand)
Scrolls
 a - 2 scrolls of identify
Potions
 b - a potion of mutation
 d - 2 potions of might
 f - 2 potions of haste

Dungeon Overview and Level Annotations

Branches:
Dungeon (4/15)
 Temple: D:4-7

Altars:
Sif Muna
Trog


Message History

You see here a rat corpse.
You see here 3 poisoned darts.
There is an open door here.
There is a stone staircase leading down here.
You climb downwards.
There is a stone staircase leading up here.
Existing waypoints: (1) D:2 (2) D:3 Assign waypoint to what number? (0-9, D - delete waypoint) Waypoint 1 re-assigned from D:2 to D:4.
An ogre and an orc come into view.
The ogre shouts!
An adder comes into view.
2915 ||| Stepping ~*~*~tactically~*~*~ (stealth).
An orc comes into view. It is wielding a +0 club.
The orc shouts!
An orc wizard comes into view. It is wielding a +0 dagger.
2917 ||| Stepping ~*~*~tactically~*~*~ (stealth).
An ogre and an orc come into view.
The orc shouts!
2919 ||| Stepping ~*~*~tactically~*~*~ (stealth).
You barely miss the orc. The orc completely misses you.
You slash the orc!
You kill the orc!
You barely miss the ogre.
The ogre hits you with a +0 giant spiked club!!
Ouch! That really hurt!
You hear a shout!
You hit the ogre.
The ogre is moderately wounded.
You hear a shout!
The ogre hits you but does no damage.
You slash the ogre!
The ogre is almost dead.
The ogre barely misses you.
You barely miss the ogre.
The ogre is almost dead.
The ogre hits you with a +0 giant spiked club!
You die...

#.# #.#
#.#
####.#
#....#
#.####
#.# #.#
#@# #O#
#So..#
####O...o
#.}. o.


You could see an ogre, an adder and an orc.

Vanquished Creatures
  Jessica (D:3)
  An iguana (D:3)
  4 gnolls (D:3)
  3 adders
  2 worms
  An orc (D:4)
  4 bats
  5 endoplasms
  3 giant cockroaches
  4 goblins
  7 hobgoblins
  A quokka (D:2)
  2 ball pythons
  6 frilled lizards
  6 kobolds
  8 rats
58 creatures vanquished.

Vanquished Creatures (others)
  2 fungi (D:1)
  2 plants (D:1)
4 creatures vanquished.

Grand Total: 62 creatures vanquished

Notes
Turn   | Place    | Note
-------+----------+-------------------------------------------
     0 | D:1      | qw the Gargoyle Fighter began the quest for the Orb.
     0 | D:1      | Reached XP level 1. HP: 14/14 MP: 1/1
     0 | D:1      | 0 ||| qw: Version: 0.1.0-9-gbc19398
     0 | D:1      | 0 ||| qw: Game counter: 35
     0 | D:1      | 0 ||| qw: Always use a shield: true
     0 | D:1      | 0 ||| qw: God list: Okawaru
     0 | D:1      | 0 ||| qw: Allow faded altars: false
     0 | D:1      | 0 ||| qw: Do Orc after D:15 true
     0 | D:1      | 0 ||| qw: Do second Lair branch before Depths: true
     0 | D:1      | 0 ||| qw: Lair rune preference: random
     0 | D:1      | 0 ||| qw: Plans: Normal, Zot:1-4, God:TSO, Crypt, Tomb,
                  | Pan, Slime:5, Hells, Abyss, Orb
     0 | D:1      | 0 ||| PLANNING D:1-11
    14 | D:1      | 14 ||| Stepping ~*~*~tactically~*~*~ (stealth).
    32 | D:1      | Reached skill level 2 in Axes
   257 | D:1      | 257 ||| Stepping ~*~*~tactically~*~*~ (stealth).
   258 | D:1      | 258 ||| Stepping ~*~*~tactically~*~*~ (stealth).
   263 | D:1      | Reached XP level 2. HP: 19/19 MP: 2/2
   466 | D:1      | 466 ||| Stepping ~*~*~tactically~*~*~ (stealth).
   467 | D:1      | 467 ||| Stepping ~*~*~tactically~*~*~ (stealth).
   924 | D:1      | Found a faded altar of an unknown god.
   933 | D:1      | 933 ||| UPGRADING to +0 pair of gloves.
   938 | D:1      | 938 ||| UPGRADING to +0 chain mail.
   948 | D:1      | 948 ||| DROPPING +0 scale mail.
   949 | D:1      | 949 ||| UPGRADING to +4 ring of slaying {mikee}.
   950 | D:1      | 950 ||| UPGRADING to +6 ring of dexterity.
   951 | D:1      | 951 ||| READING 2 scrolls labelled XORODA TEMASAR.
   952 | D:1      | 952 ||| READING scroll labelled DOEMEMM CYID.
   953 | D:1      | 953 ||| READING scroll labelled RESIRI NOGUOFO.
  1054 | D:1      | 1054 ||| READING scroll labelled MUGEANELOT.
  1055 | D:1      | 1055 ||| DRINKING 2 smoky orange potions.
  1056 | D:1      | 1056 ||| DRINKING 2 smoky yellow potions.
  1057 | D:1      | 1057 ||| DROPPING potion of degeneration.
  1093 | D:2      | Reached skill level 3 in Axes
  1093 | D:2      | Reached XP level 3. HP: 23/23 MP: 3/3
  1246 | D:2      | 1246 ||| Stepping ~*~*~tactically~*~*~ (stealth).
  1481 | D:2      | Reached XP level 4. HP: 28/28 MP: 4/4
  1771 | D:2      | 1771 ||| READING 3 scrolls of identify.
  1771 | D:2      | 1771 ||| IDENTIFYING fuming inky potion
  2035 | D:3      | Reached skill level 4 in Axes
  2036 | D:3      | HP: 6/28 [gnoll/+0 spear (3)]
  2321 | D:3      | 2321 ||| Stepping ~*~*~tactically~*~*~ (stealth).
  2322 | D:3      | 2322 ||| Stepping ~*~*~tactically~*~*~ (stealth).
  2323 | D:3      | 2323 ||| Stepping ~*~*~tactically~*~*~ (stealth).
  2327 | D:3      | 2327 ||| Stepping ~*~*~tactically~*~*~ (stealth).
  2328 | D:3      | 2328 ||| Stepping ~*~*~tactically~*~*~ (stealth).
  2390 | D:3      | Reached skill level 1 in Dodging
  2390 | D:3      | Reached XP level 5. HP: 32/32 MP: 5/5
  2707 | D:3      | Found a bloodstained altar of Trog.
  2719 | D:3      | Found a shimmering blue altar of Sif Muna.
  2719 | D:3      | Noticed Jessica
  2728 | D:3      | Killed Jessica
  2729 | D:3      | 2729 ||| DROPPING +2 hand axe.
  2844 | D:3      | 2844 ||| UPGRADING to +0 helmet.
  2849 | D:3      | 2849 ||| DROPPING ring of flight.
  2850 | D:3      | 2850 ||| READING scroll labelled AROORHEWNO.
  2851 | D:3      | 2851 ||| READING scroll labelled ADWIPO EZOSMIGYNA.
  2852 | D:3      | 2852 ||| READING scroll labelled VIOCIP MESUNOKK.
  2914 | D:4      | Noticed an ogre
  2915 | D:4      | 2915 ||| Stepping ~*~*~tactically~*~*~ (stealth).
  2917 | D:4      | 2917 ||| Stepping ~*~*~tactically~*~*~ (stealth).
  2919 | D:4      | 2919 ||| Stepping ~*~*~tactically~*~*~ (stealth).
  2925 | D:4      | Slain by an ogre

Levels and vault maps discovered:
D:1:      minmay_arrival_four_circles, layout_loops_ring,
          shapermc_ecumenical_altar_mp_ritualfount, serial_bayou_pond_a,
          minmay_pentomino_w4
D:2:      layout_loops_ring
D:3:      layout_basic, nzn_overflow_gifts_of_might_and_magic
D:4:      layout_basic, grunt_temple_overflow_order_and_chaos_1,
          lemuel_tele_altar, elyvilon_altar_5, makhleb_blood_cavern_becter,
          uniq_menkaure, uniq_ijyb, uniq_eustachio, uniq_natasha

Skill      XL: |  1  2  3  4 |
---------------+-------------+-----
Axes           | 2 3 4 |  4.8
Dodging        | 1 |  1.2
Fighting       | |  3.2
Armour         | |  3.2
Shields        | |  3.2

Action                   |  1- 3 |  4- 6 || total
-------------------------+-------+-------++-------
Melee: War axe           |    79 |    59 ||   138
  Use: Scroll            |     4 |     4 ||     8
       Potion            |     2 |       ||     2
Armor: Scale mail        |    20 |       ||    20
       Chain mail        |    32 |    22 ||    54
Dodge: Dodged            |    23 |    22 ||    45
Block: Buckler           |    13 |     7 ||    20

Table legend:
 A = Non-vault XP
 B = Vault XP
 C = Vault XP percentage of total XP
 D = Non-vault monster count
 E = Vault monster count
 F = Vault count percentage of total count
                 A         B        C        D         E       F
            +---------+---------+-------+---------+---------+-------
      Total |     195 |      61 |  23.8 |      48 |      10 |  17.2
            +---------+---------+-------+---------+---------+-------
        D:1 |      17 |      10 |  37.0 |      10 |       8 |  44.4
        D:2 |      64 |       0 |   0.0 |      23 |       0 |   0.0
        D:3 |     111 |      51 |  31.5 |      14 |       2 |  12.5
        D:4 |       3 |       0 |   0.0 |       1 |       0 |   0.0
            +---------+---------+-------+---------+---------+-------
